 Dungeon Crawl Stone Soup version 0.20.1-1-g8b1a95d (webtiles) character file.

51188 homeworkjunkie the Severer (level 14, -10/127 HPs)
             Began as a Hill Orc Fighter on Dec 14, 2017.
             Was the Champion of Okawaru.
             Killed by divine providence
             ... invoked by Saint Roka
              (12 damage)
             ... on level 2 of the Orcish Mines.
             The game lasted 00:33:26 (18078 turns).

homeworkjunkie the Severer (Hill Orc Fighter)      Turns: 18078, Time: 00:33:26

Health: -10/127    AC: 30    Str: 29    XL:     14   Next: 58%
Magic:  22/22      EV: 12    Int:  5    God:    Okawaru [******]
Gold:   1683       SH: 14    Dex: 12    Spells: 13/13 levels left

rFire    . . .     SeeInvis .   U - +6 broad axe (drain)
rCold    . . .     Gourm    .   c - +0 shield
rNeg     . . .     Faith    .   X - +3 chain mail {MR+}
rPois    +         Spirit   .   g - +2 helmet
rElec    .         Reflect  .   e - +0 cloak
rCorr    .         Harm     +   o - +0 pair of gloves {Str+3}
MR       ++...                  W - +2 pair of boots {Stlth+}
Stlth    ..........             F - amulet of Psychosis {Harm *Drain rPois Str+2 Int-3}
Regen    0.4/turn               P - +3 ring of evasion
MPRegen  0.2/turn               m - +6 ring of protection

@: no status effects
A: high mp 1, strong 1
a: Heroism, Finesse, Renounce Religion, Convert to Beogh


You were on level 2 of the Orcish Mines.
You worshipped Okawaru.
Okawaru was exalted by your worship.
You were not hungry.

You visited 5 branches of the dungeon, and saw 21 of its levels.
You also visited: Labyrinth.

You collected 1683 gold pieces.

Inventory:

Hand Weapons
 a - a +1 war axe of freezing
 i - a +2 hand axe of flaming
 U - a +6 broad axe of draining (weapon)
Armour
 c - a +0 shield (worn)
 e - a +0 cloak (worn)
 g - a +2 helmet (worn)
 o - a +0 pair of gloves of strength (worn)
 H - the +5 chain mail of the Ecumenical Temple {MR+ Int+3}
   (You found it on level 7 of the Dungeon)

   It affects your intelligence (+3).
   It affects your resistance to hostile enchantments.
 W - a +2 pair of boots of stealth (worn)
 X - a +3 chain mail of magic resistance (worn)
Jewellery
 m - a +6 ring of protection (right hand)
 s - an uncursed ring of protection from fire
 F - the amulet of Psychosis (around neck) {Harm *Drain rPois Str+2 Int-3}
   (You found it on level 3 of the Lair of Beasts)

   [amulet of harm]

   It increases damage dealt and taken.
   It affects your strength (+2).
   It affects your intelligence (-3).
   It protects you from poison.
   It causes draining when unequipped.
 P - a +3 ring of evasion (left hand)
Wands
 k - a wand of confusion (13/48)
 l - a wand of confusion (8/48)
 n - a wand of confusion (28/48)
 q - a wand of flame (36/48)
 r - a wand of confusion (15/48)
 w - a wand of lightning (8/15)
 x - a wand of iceblast (12/15)
 J - a wand of iceblast (4/15)
 N - a wand of lightning (6/15)
 O - a wand of polymorph (14/24)
 S - a wand of confusion (15/48)
 T - a wand of paralysis (2/24)
 V - a wand of digging (10/24)
Scrolls
 b - 5 scrolls of fog
 d - 5 scrolls of remove curse
 h - 3 scrolls of immolation
 t - 8 scrolls of teleportation
Potions
 v - 5 potions of mutation
 z - 6 potions of curing
 A - 4 potions of flight
 B - 3 potions of lignification
 C - 2 potions of berserk rage
 D - a potion of ambrosia
 E - 2 potions of brilliance
 G - 2 potions of cancellation
 I - a potion of magic
 L - a potion of heal wounds
 Q - a potion of resistance
 Z - a potion of agility
Comestibles
 f - 13 bread rations
 M - 22 royal jellies
 R - 8 meat rations


   Skills:
 * Level 12.7 Fighting
 * Level 18.2 Axes
 * Level 10.7 Armour
 + Level 2.5 Dodging
 + Level 1.5 Stealth
 * Level 12.7 Shields
 * Level 8.8 Evocations


You had 13 spell levels left.
You didn't know any spells.

Dungeon Overview and Level Annotations

Branches:
Dungeon (11/15)            Temple (1/1) D:5            Lair (6/6) D:9
 Shoals (0/4) Lair:4        Snake (1/4) Lair:4        Slime (0/5) Lair:6
    Orc (2/2) D:9             Elf (0/3) Orc:2

Altars:
Ashenzari
Dithmenos
Elyvilon
Fedhas
Gozag
Hepliaklqana
Kikubaaqudgha
Makhleb
Nemelex Xobeh
Okawaru
Qazlal
Ru
Sif Muna
Trog
Uskayaw
Vehumet
Xom
Yredelemnul
Zin
The Shining One
Beogh
Jiyva

Shops:
D:4 :

Annotations:
Orc:2 Saint Roka


Innate Abilities, Weirdness & Mutations

You have an increased reservoir of magic. (+10% MP)
Your muscles are strong. (Str +2)


Message History

You assume a fearsome visage.
Saint Roka looks frightened!
Evoke which item? (* to show all) (? for menu, Esc to quit)
Aiming: Paralyse (will waste charges)
Press: ? - help, Shift-Dir - straight line, f/p - Saint Roka
Aim: Saint Roka, wielding a long sword of holy wrath and wearing a glowing plate armour (heavily wounded, lightly drained, fleeing, chance to defeat MR: 23%)
Your attack snaps Saint Roka out of his fear.
Saint Roka resists with almost no effort.
Evoking this partially-identified wand wasted a few charges.
Saint Roka invokes the aid of Beogh against you.
Beogh smites you!
* * * LOW HITPOINT WARNING * * *
Evoke which item? (* to show all) (? for menu, Esc to quit)
Aiming: Paralyse (will waste charges)
Press: ? - help, Shift-Dir - straight line, f/p - Saint Roka
Aim: Saint Roka, wielding a long sword of holy wrath and wearing a glowing plate armour (heavily wounded, lightly drained, chance to defeat MR: 23%) Saint Roka resists with almost no effort.
Evoking this partially-identified wand wasted a few charges.
Saint Roka calls down the wrath of Beogh upon you.
Beogh smites you!
You die...

#.# #.#. .. ...#.
....#... .... ....#...
#.. ........
#..##........
+....#.......
#####.....o........
........)......##.##
#.......@)....##...##
#..................#
..#..#..............#
...................####.
..................##.#..
..................#.....
.................#.....#
.......................#
....................#.##


You could see Saint Roka.

Vanquished Creatures
  Kirke (Lair:6)
  A minotaur (Lab)
  Snorg (D:10)
  The ghost of Quirk the Carver, a journeyman DsGl of Okawaru (D:10)
  5 hydras
  2 orc high priests (Orc:2)
  A necromancer (Lair:2)
  An orc sorcerer (Orc:2)
  2 oklob plants (Lair:3)
  A manticore (Lair:4)
  Maurice (D:10)
  9 elephants
  5 gargoyles (D:7)
  A black mamba (Lair:4)
  20 spiny frogs
  A torpor snail (Lair:3)
  6 komodo dragons
  2 rime drakes
  A queen bee (Lair:3)
  2 trolls (Orc:2)
  6 polar bears
  5 tyrant leeches (Lair:6)
  26 blink frogs
  7 dream sheep (Lair:4)
  8 hippogriffs
  A wyvern (D:10)
  8 hogs
  2 basilisks
  24 yaks
  6 vampire mosquitoes (Lair:6)
  A human (D:9)
  A hungry ghost (D:7)
  3 nagas
  9 water moccasins
  Duvessa (D:5)
  5 porcupines
  A swamp drake (D:9)
  3 black bears
  2 ice beasts (D:8)
  10 orc warriors
  5 sky beasts
  2 phantoms
  9 ogres
  7 wolves
  9 crocodiles
  2 centaurs
  A big kobold (D:10)
  20 bullfrogs
  Dowan (D:5)
  3 scorpions
  24 killer bees (Lair:3)
  3 wights (D:7)
  7 howler monkeys
  3 electric eels
  3 crimson imps
  A bullfrog skeleton (D:8)
  10 hounds
  7 orc priests
  A bullfrog zombie (D:10)
  5 jellies
  18 orc wizards
  Crazy Yiuf (D:5)
  A gnoll shaman (Orc:2)
  2 iguanas
  Terence (D:2)
  A polar bear simulacrum (Lair:2)
  6 worker ants
  4 hell rats (Lair:6)
  5 wolf simulacra (Lair:2)
  4 yak simulacra (Lair:2)
  A killer bee zombie (D:8)
  A hound skeleton (D:4)
  10 gnolls
  17 adders
  2 oozes
  3 dart slugs
  6 leopard geckos
  57 orcs
  2 ball pythons
  9 giant cockroaches
  6 goblins
  9 hobgoblins
  8 jackals
  12 kobolds
  4 quokkas
  5 bats
  A frilled lizard (D:1)
  A jackal zombie (D:5)
  A quokka skeleton (D:8)
  10 rats
  A river rat simulacrum (Lair:2)
  4 fungi
  7 plants
536 creatures vanquished.

Vanquished Creatures (others)
  A human (Lair:6)
  9 fungi
  33 plants
43 creatures vanquished.

Grand Total: 579 creatures vanquished

Notes
Turn   | Place    | Note
-------+----------+-------------------------------------------
     0 | D:1      | homeworkjunkie the Hill Orc Fighter began the quest for the Orb.
     0 | D:1      | Reached XP level 1. HP: 19/19 MP: 1/1
   112 | D:1      | Reached skill level 3 in Axes
   179 | D:1      | Reached XP level 2. HP: 27/27 MP: 2/2
   426 | D:2      | Reached XP level 3. HP: 22/33 MP: 3/3
   678 | D:4      | Found Kusiklyerr's Book Shoppe.
   691 | D:4      | Reached skill level 4 in Axes
   691 | D:4      | Reached XP level 4. HP: 40/40 MP: 4/4
   705 | D:5      | Entered Level 5 of the Dungeon
  1287 | D:3      | Reached XP level 5. HP: 32/46 MP: 5/5
  1540 | D:3      | Reached skill level 5 in Axes
  1540 | D:3      | Reached skill level 1 in Evocations
  1541 | D:3      | Reached XP level 6. HP: 50/52 MP: 6/6
  1808 | D:2      | Found a faded altar of an unknown god.
  1861 | D:2      | Gained mutation: Your muscles are strong. (Str +2) [potion of mutation]
  1861 | D:2      | Gained mutation: You have an increased reservoir of magic. (+10% MP) [potion of mutation]
  1972 | D:2      | Noticed Terence
  1981 | D:2      | Killed Terence
  2883 | D:5      | Reached skill level 6 in Axes
  2953 | D:5      | Reached XP level 7. HP: 60/60 MP: 8/8
  3048 | D:4      | Reached skill level 5 in Shields
  3064 | D:4      | Reached skill level 7 in Axes
  3377 | D:4      | Got a steaming graven amulet
  3382 | D:4      | Identified the amulet of Unepnekk {Spirit Stlth+} (You found it on level 4 of the Dungeon)
  3504 | D:4      | Reached skill level 5 in Fighting
  3504 | D:4      | Reached skill level 8 in Axes
  3626 | D:5      | Found a runed door.
  3630 | D:5      | Noticed Crazy Yiuf
  3637 | D:5      | Killed Crazy Yiuf
  3681 | D:5      | Found a staircase to the Ecumenical Temple.
  3696 | D:5      | Noticed Duvessa
  3697 | D:5      | Noticed Dowan
  3703 | D:5      | Killed Duvessa
  3703 | D:5      | Reached XP level 8. HP: 65/68 MP: 10/10
  3714 | D:5      | Killed Dowan
  3745 | Temple   | Entered the Ecumenical Temple
  3900 | Temple   | Became a worshipper of Warmaster Okawaru
  4163 | D:5      | Found a shadowy altar of Dithmenos.
  4177 | D:6      | Found a sacrificial altar of Ru.
  4312 | D:6      | Reached skill level 9 in Axes
  4416 | D:6      | Reached * piety under Okawaru
  4422 | D:6      | Reached skill level 5 in Armour
  4635 | D:6      | Found a shimmering altar of Xom.
  4706 | D:6      | Reached skill level 10 in Axes
  4812 | D:6      | Reached XP level 9. HP: 69/75 MP: 10/12
  5179 | D:7      | Reached skill level 1 in Dodging
  5256 | D:7      | Got a brightly glowing chain mail
  5267 | D:7      | Identified the +5 chain mail of the Ecumenical Temple {MR+ Int+3} (You found it on level 7 of the Dungeon)
  5270 | D:7      | Identified a scroll of acquirement
  5316 | D:7      | Reached ** piety under Okawaru
  5316 | D:7      | Reached skill level 1 in Stealth
  5371 | D:7      | Reached skill level 11 in Axes
  5717 | D:7      | Noticed a gargoyle
  5735 | D:7      | Killed a gargoyle
  5740 | D:7      | Noticed a gargoyle
  5757 | D:7      | Killed a gargoyle
  5757 | D:7      | Reached *** piety under Okawaru
  5771 | D:7      | Noticed a gargoyle
  5806 | D:7      | Killed a gargoyle
  5806 | D:7      | Reached XP level 10. HP: 23/86 MP: 5/14
  6176 | D:7      | Noticed a gargoyle
  6195 | D:7      | Killed a gargoyle
  6195 | D:7      | Reached skill level 12 in Axes
  6445 | D:7      | Noticed a gargoyle
  6453 | D:7      | Killed a gargoyle
  6560 | D:6      | Found a hide-covered altar of Uskayaw.
  6560 | D:6      | Found a white marble altar of Elyvilon.
  6560 | D:6      | Found a sparkling altar of Nemelex Xobeh.
  6560 | D:6      | Found a basalt altar of Yredelemnul.
  6563 | D:6      | Found a stormy altar of Qazlal.
  6650 | D:7      | Reached **** piety under Okawaru
  7076 | D:10     | Entered Level 10 of the Dungeon
  7144 | D:9      | Found a staircase to the Lair.
  7268 | D:9      | Reached skill level 5 in Evocations
  7415 | D:10     | Noticed Snorg
  7439 | D:10     | Killed Snorg
  7439 | D:10     | Reached ***** piety under Okawaru
  7439 | D:10     | Reached skill level 13 in Axes
  7924 | D:10     | Reached XP level 11. HP: 72/94 MP: 10/16
  8210 | D:10     | Noticed Maurice
  8276 | D:10     | Killed Maurice
  9088 | D:10     | Noticed Quirk's ghost (journeyman DsGl)
  9105 | D:10     | Killed Quirk's ghost
  9105 | D:10     | Received a gift from Okawaru
  9326 | Lair:1   | Entered Level 1 of the Lair of Beasts
  9457 | Lair:1   | Noticed a five-headed hydra
  9465 | Lair:1   | Killed a one-headed hydra
  9465 | Lair:1   | Reached skill level 14 in Axes
  9722 | Lair:2   | Received a gift from Okawaru
 10885 | Lair:2   | Reached skill level 10 in Shields
 11173 | Lair:2   | Noticed a necromancer
 11188 | Lair:2   | Killed a necromancer
 11188 | Lair:2   | Reached XP level 12. HP: 105/105 MP: 18/18
 11454 | Lair:4   | Found a labyrinth entrance.
 11458 | Lab      | Entered a labyrinth
 11766 | Lab      | Noticed a minotaur
 11787 | Lab      | Killed a minotaur
 11910 | Lair:3   | Received a gift from Okawaru
 11932 | Lair:3   | Reached skill level 10 in Fighting
 11955 | Lair:3   | Reached ****** piety under Okawaru
 12435 | Lair:3   | Reached skill level 15 in Axes
 12777 | Lair:3   | Found a runed door.
 12790 | Lair:3   | Noticed a seven-headed hydra
 12805 | Lair:3   | Killed a one-headed hydra
 12805 | Lair:3   | Received a gift from Okawaru
 12823 | Lair:3   | Got a heavily runed copper amulet
 12888 | Lair:3   | Noticed an eight-headed hydra
 12908 | Lair:3   | Killed a one-headed hydra
 13432 | Lair:4   | Found a staircase to the Snake Pit.
 13468 | Lair:4   | Reached XP level 13. HP: 115/115 MP: 20/20
 13564 | Lair:4   | Found a staircase to the Shoals.
 14167 | Lair:5   | Received a gift from Okawaru
 14237 | Lair:6   | Entered Level 6 of the Lair of Beasts
 14411 | Lair:5   | Reached skill level 16 in Axes
 14415 | Lair:5   | Identified the amulet of Psychosis {Harm *Drain rPois Str+2 Int-3} (You found it on level 3 of the Lair of Beasts)
 14790 | Lair:6   | Noticed Kirke
 14807 | Lair:6   | Killed Kirke
 14888 | Lair:6   | Reached skill level 10 in Armour
 14953 | Lair:6   | Reached skill level 17 in Axes
 14977 | Lair:6   | Received a gift from Okawaru
 15208 | Lair:6   | Found a staircase to the Slime Pits.
 15208 | Lair:6   | Found a viscous altar of Jiyva.
 15225 | Lair:6   | Reached XP level 14. HP: 126/126 MP: 22/22
 15348 | Lair:6   | Received a gift from Okawaru
 16533 | Snake:1  | Entered Level 1 of the Snake Pit
 17052 | D:9      | Found a staircase to the Orcish Mines.
 17301 | D:9      | Reached skill level 18 in Axes
 17424 | Orc:1    | Entered Level 1 of the Orcish Mines
 17769 | Orc:2    | Entered Level 2 of the Orcish Mines
 17966 | Orc:2    | Found a staircase to the Elven Halls.
 18008 | Orc:2    | Found a roughly hewn altar of Beogh.
 18053 | Orc:2    | Noticed Saint Roka
 18076 | Orc:2    | HP: 1/127 [Saint Roka/divine providence (18)]
 18078 | Orc:2    | Killed from afar by Saint Roka

Skill      XL: |  1  2  3  4  5  6  7  8  9 10 11 12 13 14 |
---------------+-------------------------------------------+-----
Axes           | 3 4 5 6 8 10 11 13 14 15 17 18 | 18.2
Fighting       | 4 5 7 8 9 10 12 | 12.7
Shields        | 4 5 6 7 8 10 11 12 | 12.7
Armour         | 4 5 6 7 8 9 10 | 10.7
Evocations     | 1 2 3 4 5 6 7 8 |  8.8
Dodging        | 1 2 |  2.5
Stealth        | 1 |  1.5

Action                   |  1- 3 |  4- 6 |  7- 9 | 10-12 | 13-15 || total
-------------------------+-------+-------+-------+-------+-------++-------
Melee: War axe           |    84 |   196 |   275 |       |       ||   555
       Hand axe          |       |       |   150 |   683 |    13 ||   846
       Broad axe         |       |       |       |   134 |   453 ||   587
Evoke: Wand              |       |       |     5 |     5 |     8 ||    18
  Use: Scroll            |     1 |    12 |     8 |     5 |     9 ||    35
       Potion            |       |     3 |     3 |    10 |     2 ||    18
 Stab: Confused          |       |       |     2 |       |       ||     2
  Eat: Royal jelly       |       |     2 |       |     3 |     3 ||     8
       Bread ration      |       |     1 |       |     2 |       ||     3
       Chunk             |       |       |     2 |       |       ||     2
       Fruit             |       |       |     3 |     3 |    13 ||    19
       Meat ration       |       |       |     3 |     1 |       ||     4
Armor: Scale mail        |    32 |    12 |       |       |       ||    44
       Chain mail        |       |   102 |   203 |   311 |   152 ||   768
       Ice dragon scales |       |       |       |   135 |    27 ||   162
Dodge: Dodged            |    32 |    63 |    79 |   193 |   165 ||   532
Block: Shield            |    53 |   116 |   162 |   440 |   258 ||  1029
